 Dungeon Crawl Stone Soup version 0.31-a0-986-g5e6e4ef867 (webtiles) character file.

Game seed: 5404382234295804335

44 skwerlee the Shooter (level 3, 0/22 HPs)
             Began as a Kobold Hunter on Nov 15, 2023.
             Killed from afar by Sigmund (10 damage)
             ... with a puff of flame
             ... on level 2 of the Dungeon.
             The game lasted 00:01:11 (1117 turns).

skwerlee the Shooter (Kobold Hunter)                Turns: 1117, Time: 00:01:13

Health: 0/22       AC:  3    Str:  8    XL:     3   Next: 85%
Magic:  3/3        EV: 15    Int: 10    God:
Gold:   76         SH:  0    Dex: 20    Spells: 2/2 levels left

rFire   . . .        a - +0 shortbow
rCold   . . .        (shield currently unavailable)
rNeg    . . .        c - +0 leather armour
rPois   .            (no helmet)
rElec   .            (no cloak)
rCorr   .            (no gloves)
SInv    .            (no boots)
Will    .....        (no amulet)
Stlth   +++          (no ring)
HPRegen 0.23/turn    (no ring)
MPRegen 0.08/turn

%: no passive effects
@: no status effects
A: small, no large weapons, nightstalker 3
a: no special abilities


You were on level 2 of the Dungeon.
You visited 1 branch of the dungeon, and saw 2 of its levels.

You collected 76 gold pieces.

Inventory:

Hand Weapons
 a - a +0 shortbow (weapon)
Armour
 c - a +0 leather armour (worn)
Scrolls
 b - a scroll of butterflies
 d - 2 scrolls of teleportation {unknown}
 f - a scroll of torment {unknown}
 i - a scroll of acquirement {unknown}
Potions
 e - a potion of enlightenment {unknown}
 g - a potion of resistance {unknown}
 h - a potion of lignification {unknown}
 j - a potion of berserk rage {unknown}
 k - a potion of heal wounds {unknown}


   Skills:
 + Level 2.5 Fighting
 + Level 6.4 Ranged Weapons
 + Level 0.3 Armour
 + Level 2.8 Dodging
 + Level 1.3 Stealth


You had 2 spell levels left.
You didn't know any spells.
Your spell library contained the following spells:

 Spells                   Type           Power      Damage    Failure   Level
 Sandblast                Erth           0%         2d4       47%         1
 Passwall                 Tmut/Erth      0%         N/A       63%         2
 Stone Arrow              Conj/Erth      0%         3d7       85%         3
 Brom's Barrelling Bould  Conj/Erth      0%         2d3       99%         4


Dungeon Overview and Level Annotations

Branches:
Dungeon (2/15)

Altars:
Ru

Shops:
D:2 *

Annotations:
D:2 Sigmund


Innate Abilities, Weirdness & Mutations

You are small and have problems with some larger weapons.
You are completely attuned to the shadows.


Message History

The arrow hits the kobold.
You kill the kobold!
You feel sick. The adder closely misses you. Sigmund closely misses you.
There are monsters nearby!
There are monsters nearby!
You shoot an arrow. The arrow barely misses the adder.
You feel sick. The adder barely misses you.
The adder bites you but does no damage. Sigmund barely misses you.
There are monsters nearby!
You shoot an arrow. The arrow barely misses the adder.
You feel sick. The adder completely misses you.
There are monsters nearby!
You shoot an arrow. The arrow hits the adder.
The adder is heavily wounded.
You feel sick. The adder bites you. Sigmund misses you. The adder bites you.
There are monsters nearby!
You shoot an arrow. The arrow hits the adder.
The adder is severely wounded.
You feel sick.
You are no longer poisoned.
Sigmund hits you from afar with a +0 scythe.
The adder misses you.
There are monsters nearby!
There are monsters nearby!
You are too injured to fight recklessly!
There are monsters nearby!
You are too injured to fight recklessly!
There are monsters nearby!
You are too injured to fight recklessly!
There are monsters nearby!
You are too injured to fight recklessly!
Fire: a) +0 shortbow
Press: ? - help, Q - select action Shift-Dir - straight line, f/p - adder
Aim: an adder (severely wounded, 51% to hit)
You shoot an arrow. The arrow closely misses the adder.
The adder closely misses you. Sigmund gestures at you while chanting.
The puff of flame hits you!
You die...
Sigmund begins carving another notch in his scythe.

#......##..........#
######.##..........#
#.##........†.#
#.##...†......#.#
####.##....).....#.#
≈≈≈#.#..##..##....(#
~≈≈≈...###..###...##
.∩≈≈..#.............
~~≈≈@.##............
≈≈≈S.....#.##.....#.
..)@.......###......
....................
#........#....#
......#.#####
#..#....)... ..
#..#...####.
...#....###


You could see Sigmund and an adder.

Vanquished Creatures
  A dart slug (D:1)
  2 endoplasms
  6 giant cockroaches
  5 goblins
  4 hobgoblins (D:1)
  5 kobolds
  2 quokkas (D:1)
  4 ball pythons
  2 bats (D:1)
  3 rats
34 creatures vanquished.

Notes
Turn   | Place    | Note
-------+----------+-------------------------------------------
     0 | D:1      | skwerlee the Kobold Hunter began the quest for the Orb.
     0 | D:1      | Reached XP level 1. HP: 12/12 MP: 1/1
    86 | D:1      | Reached XP level 2. HP: 18/18 MP: 2/2
   475 | D:1      | Reached skill level 6 in Ranged Weapons
   475 | D:1      | Reached XP level 3. HP: 22/22 MP: 3/3
  1079 | D:2      | Found a sacrificial altar of Ru.
  1099 | D:2      | Found Wit Rien's General Store.
  1102 | D:2      | Noticed Sigmund
  1117 | D:2      | Killed from afar by Sigmund

Illustrated notes

Levels and vault maps discovered:
D:1:      amcnicky_arrival_single_pillar, layout_loops_corners,
          serial_bayou_lagoon_a
D:2:      layout_rooms, serial_shops, shop, nicolae_shop_waterfront,
          basic_altar, minmay_pentomino_t2, uniq_crazy_yiuf_cottage,
          uniq_terence, uniq_sigmund

Skill      XL: |  1  2 |
---------------+-------+-----
Ranged Weapons | 6 |  6.4
Fighting       | |  2.5
Armour         | |  0.3
Dodging        | |  2.8
Stealth        | |  1.3

Action                     || total
---------------------------++-------
   Fire: Shortbow          ||    85
 Armour: Leather armour    ||    17
  Dodge: Dodged            ||    34

Table legend: (Time is in decaauts)
 A = Elapsed time spent in this place.
 B = Non-inter-level travel time spent in this place.
 C = Inter-level travel time spent in this place.
 D = Time resting spent in this place.
 E = Time spent auto-exploring this place.
 F = Levels seen in this place.
 G = Mean time per level.
                   A        B        C        D        E       F      G
               +--------+--------+--------+--------+--------+-----+--------+
         Total |   1147 |   1111 |     36 |      0 |    929 |   2 |  573.5 |
       Dungeon |   1147 |   1111 |     36 |      0 |    929 |   2 |  573.5 |
               +--------+--------+--------+--------+--------+-----+--------+

Top non-repeatable levels by time:
     D:1: 1028 daAuts
     D:2: 118 daAuts
